Map: Deathaura LE

Players

Reynor - Winner!

  • Race: Zerg Zerg
  • League: Master
  • Spawn Location: 11:00

Serral

  • Race: Zerg Zerg
  • League: Master
  • Spawn Location: 5:00

Event: DreamHack SC2 Masters 2020 Winter

VOD

Have the link to the VOD?

Description

Time

  • Played on: Nov. 7, 2020, 12:33 p.m.
  • Length: 12:55

All games in this series

Show
View Real Time Build Order
Export as new Build Order

Reynor Zerg - Winner!

Build Orders: Hatch First, Lurkers 

Get SALT Encoding   

  12  0:00  Drone  
  13  0:12  Overlord  
  13  0:16  Drone  
  14  0:30  Drone x2  
  16  0:47  Hatchery  
  15  0:50  Drone  
  15  0:54  Drone  
  17  0:58  Drone  
  18  1:08  Extractor  
  17  1:13  Spawning Pool  
  17  1:16  Drone  
  17  1:19  Drone  
  18  1:27  Drone  
  19  1:38  Drone  
  20  1:49  Drone  
  21  1:59  Overlord  
  21  2:00  Queen x2  
  21  2:01  Zergling x2  
  26  2:08  Metabolic Boost  
  26  2:10  Drone  
  26  2:11  Drone  
  28  2:20  Drone  
  28  2:21  Drone  
  30  2:33  Zergling x2  
  31  2:38  Hatchery  
  31  2:39  Drone  
  31  2:42  Drone  
  32  2:44  Overlord  
  32  2:52  Zergling x2  
  32  2:54  Zergling x2  
  34  3:04  Drone x2  
  36  3:09  Zergling x2  
  36  3:10  Zergling x2  
  36  3:11  Zergling x6  
  36  3:12  Zergling x2  
  42  3:16  Overlord  
  42  3:17  Drone, Baneling Nest  
  42  3:24  Evolution Chamber  
  42  3:26  Drone  
  42  3:27  Drone  
  43  3:36  Queen  
  43  3:38  Drone  
  43  3:40  Drone  
  47  3:42  Drone x2  
  47  3:43  Drone  
  47  3:48  Drone x2  
  51  3:57  Drone x4  
  51  4:02  Zerg Missile Weapons Level 1  
  55  4:04  Drone x2  
  55  4:07  Overlord  
  57  4:15  Drone  
  57  4:20  Overlord  
  57  4:21  Drone  
  57  4:24  Baneling  
  57  4:25  Lair  
  57  4:26  Drone  
  57  4:27  Drone x4  
  62  4:32  Drone  
  62  4:33  Drone  
  62  4:37  Drone  
  65  4:40  Extractor  
  65  4:41  Extractor  
  65  4:42  Roach Warren  
  65  4:43  Drone  
  63  4:46  Drone  
  63  4:47  Drone x3  
  63  4:48  Drone x2  
  63  4:49  Overlord  
  63  4:50  Drone  
  63  4:52  Drone  
  71  4:53  Drone  
  71  4:54  Drone  
  71  4:59  Overlord  
  73  5:01  Drone  
  73  5:02  Extractor  
  73  5:06  Overlord  
  73  5:08  Drone x2  
  73  5:09  Pneumatized Carapace  
  73  5:10  Extractor  
  73  5:11  Extractor  
  73  5:12  Drone  
  74  5:16  Drone x3  
  74  5:19  Drone x2  
  79  5:21  Zergling x4  
  79  5:22  Zergling x4  
  79  5:24  Overseer  
  79  5:27  Drone x3  
  86  5:30  Hatchery  
  86  5:31  Drone  
  86  5:35  Glial Reconstitution  
  86  5:39  Overlord  
  86  5:41  Baneling x2  
  85  5:43  Baneling  
  85  5:45  Zergling x8  
  85  5:48  Overlord  
  89  5:51  Zergling x10  
  89  5:54  Zergling x2  
  95  5:58  Overlord  
  95  6:00  Zergling x2  
  96  6:04  Hydralisk Den  
  96  6:08  Zerg Missile Weapons Level 2  
  96  6:10  Evolution Chamber  
  95  6:15  Drone x6  
  95  6:17  Overlord  
  101  6:21  Drone x2  
  101  6:22  Roach x4  
  111  6:29  Hydralisk Den  
  111  6:30  Roach x2  
  113  6:33  Roach  
  113  6:35  Roach x3  
  121  6:40  Infestation Pit  
  121  6:41  Zerg Ground Armor Level 1, Overlord  
  121  6:43  Roach x2  
  121  6:44  Drone  
  121  6:46  Queen  
  125  6:49  Extractor x2  
  125  6:51  Drone, Spore Crawler  
  125  6:52  Spore Crawler  
  125  6:53  Drone, Spore Crawler  
  124  6:54  Roach  
  124  6:59  Roach  
  124  7:00  Roach x3  
  134  7:02  Drone  
  134  7:03  Drone, Spore Crawler  
  134  7:05  Overlord  
  135  7:12  Hydralisk x3  
  140  7:17  Overlord  
  140  7:22  Spore Crawler  
  139  7:24  Drone, Hydralisk x2  
  139  7:26  Hive  
  139  7:29  Lurker Den  
  142  7:31  Drone  
  142  7:32  Drone  
  142  7:35  Drone x2  
  137  7:37  Roach x4  
  137  7:44  Drone x3  
  147  7:46  Zergling x4, Hydralisk  
  150  7:53  Overlord  
  150  7:57  Overlord  
  145  8:03  Overlord  
  145  8:07  Overlord  
  144  8:15  Overlord  
  144  8:18  Roach x4  
  151  8:23  Drone x2  
  151  8:25  Spore Crawler  
  151  8:27  Lurker x6  
  154  8:28  Hydralisk x3  
  154  8:30  Overlord  
  166  8:34  Roach x4  
  166  8:48  Roach x8  
  167  8:52  Overlord  
  162  8:56  Hydralisk x3  
  162  8:57  Adaptive Talons  
  168  9:05  Hatchery  
  167  9:15  Roach x6  
  167  9:16  Roach  
  174  9:19  Hydralisk  
  170  9:27  Roach  
  170  9:28  Roach x3  
  178  9:32  Overlord  
  178  9:40  Overlord  
  175  9:50  Hydralisk x4  
  177  9:53  Lurker x3  
  177  9:55  Roach x3  
  177  9:58  Seismic Spines, Overlord  
  186  10:01  Extractor  
  171  10:07  Roach x6  
  171  10:14  Roach x3  
  176  10:20  Roach x2  
  168  10:22  Roach  
  168  10:27  Roach  
  172  10:32  Roach x4  
  180  10:39  Roach x2  
  180  10:40  Extractor  
  183  10:46  Roach x2  
  187  10:52  Roach x3  
  189  11:00  Drone, Queen  
  182  11:13  Roach x5  
  175  11:19  Roach  
  175  11:20  Roach x2  
  165  11:26  Roach x6  
  172  11:35  Roach x2  
  168  11:41  Roach  
  168  11:46  Roach x3  
  158  11:50  Roach x3  
  138  11:55  Roach  
  138  11:58  Roach  
  138  11:59  Roach x2  
  138  12:00  Roach  
  130  12:06  Roach  
  120  12:08  Queen  
  120  12:10  Roach x2  
  116  12:17  Roach x2  
  116  12:18  Roach x2  
  116  12:22  Roach x2  
  126  12:24  Overseer  
  126  12:27  Roach x3  
  126  12:29  Roach  
  128  12:31  Roach  
  128  12:34  Roach  
Show
View Real Time Build Order
Export as new Build Order

Serral Zerg 

Build Orders: Hatch First 

Get SALT Encoding   

  12  0:00  Drone  
  13  0:12  Overlord  
  13  0:18  Drone  
  14  0:31  Drone x2  
  16  0:47  Hatchery  
  15  0:50  Drone  
  15  0:54  Drone  
  17  0:57  Drone  
  18  1:09  Extractor  
  17  1:12  Spawning Pool  
  17  1:15  Drone  
  17  1:18  Drone  
  18  1:28  Drone  
  19  1:38  Drone  
  20  1:52  Drone  
  21  1:59  Queen x2  
  21  2:00  Zergling x2, Overlord  
  26  2:08  Metabolic Boost  
  26  2:09  Drone  
  26  2:11  Drone  
  28  2:21  Drone  
  29  2:23  Drone  
  30  2:33  Hatchery  
  29  2:37  Zergling x2  
  29  2:38  Drone  
  29  2:42  Drone  
  32  2:45  Baneling Nest  
  32  2:50  Overlord  
  31  2:53  Drone  
  31  2:55  Drone  
  33  3:07  Drone x2  
  33  3:08  Queen  
  33  3:12  Drone x2  
  39  3:13  Drone  
  39  3:17  Overlord  
  40  3:20  Zergling x2  
  40  3:22  Zergling x2  
  40  3:25  Zergling x2  
  43  3:29  Baneling x2  
  43  3:30  Evolution Chamber  
  43  3:32  Zergling x2  
  43  3:33  Zergling x2  
  44  3:36  Zergling x2  
  44  3:38  Baneling  
  44  3:40  Drone x2  
  47  3:42  Drone  
  47  3:43  Drone  
  47  3:45  Drone  
  50  3:49  Overlord  
  50  3:52  Overlord  
  50  3:55  Drone  
  50  4:02  Roach Warren  
  49  4:07  Overlord  
  49  4:09  Zerg Missile Weapons Level 1  
  49  4:10  Drone  
  49  4:11  Drone  
  49  4:13  Zergling x4  
  49  4:14  Drone  
  52  4:20  Queen  
  52  4:22  Extractor  
  53  4:25  Lair  
  53  4:26  Drone  
  53  4:30  Drone x2  
  56  4:32  Drone  
  56  4:35  Drone x2  
  59  4:39  Drone x2  
  59  4:41  Drone  
  59  4:43  Extractor  
  59  4:45  Drone x3  
  64  4:47  Drone  
  64  4:48  Drone  
  66  4:53  Extractor  
  66  4:54  Drone  
  66  4:56  Drone  
  66  4:58  Drone x2  
  66  4:59  Drone x2  
  71  5:03  Overlord  
  71  5:05  Drone x3  
  73  5:09  Drone x2  
  73  5:10  Extractor x2  
  73  5:15  Drone  
  73  5:17  Drone  
  73  5:20  Drone  
  76  5:24  Spire, Glial Reconstitution  
  76  5:26  Drone  
  76  5:27  Drone x2  
  78  5:29  Drone x2, Overseer  
  78  5:33  Drone, Roach  
  78  5:34  Roach  
  85  5:36  Roach  
  85  5:37  Roach  
  89  5:45  Hatchery  
  88  5:50  Overlord  
  88  5:52  Roach  
  90  6:02  Overlord x4  
  90  6:06  Overlord x2  
  90  6:07  Overlord  
  90  6:13  Overlord  
  90  6:16  Baneling x2  
  90  6:19  Roach x4  
  90  6:21  Drone x2  
  90  6:22  Drone x2  
  90  6:23  Drone  
  103  6:25  Overlord  
  103  6:34  Overlord  
  103  6:37  Mutalisk x6  
  103  6:38  Mutalisk  
  117  6:48  Drone  
  117  6:49  Drone, Roach x3  
  125  6:56  Roach  
  125  6:57  Extractor  
  125  6:58  Pneumatized Carapace, Queen  
  132  7:01  Roach x4  
  132  7:02  Zerg Missile Weapons Level 2  
  132  7:05  Overlord  
  132  7:06  Overlord  
  132  7:08  Roach x2  
  140  7:10  Overlord  
  139  7:18  Roach  
  139  7:19  Roach x4  
  149  7:23  Drone x2  
  149  7:25  Roach x2  
  149  7:28  Roach  
  157  7:35  Roach  
  157  7:36  Roach x5  
  168  7:42  Roach  
  168  7:44  Roach  
  168  7:45  Roach x6  
  182  7:54  Ravager  
  182  7:55  Ravager x4  
  189  7:58  Roach x4  
  194  8:06  Infestation Pit  
  194  8:09  Ravager x2  
  194  8:10  Roach  
  197  8:18  Overlord  
  197  8:20  Overlord  
  197  8:24  Overlord  
  197  8:28  Overlord  
  193  8:37  Roach x4  
  197  8:43  Roach, Overseer  
  197  8:46  Hive  
  185  8:56  Overseer  
  185  8:58  Ravager  
  185  9:00  Roach x7  
  200  9:03  Extractor  
  200  9:07  Hydralisk Den  
  198  9:16  Roach x7  
  197  9:18  Zerg Ground Armor Level 1  
  197  9:19  Roach x4  
  197  9:24  Hatchery  
  197  9:26  Roach x3  
  198  9:33  Overseer  
  198  9:37  Overseer  
  198  9:39  Grooved Spines  
  198  9:42  Lurker Den, Ravager  
  196  9:57  Evolution Chamber  
  196  9:58  Viper x2  
  187  10:00  Overseer  
  187  10:01  Overseer  
  187  10:04  Spine Crawler x2  
  187  10:05  Viper  
  186  10:10  Overseer  
  186  10:12  Roach x5  
  186  10:13  Roach  
  190  10:20  Drone x2, Overseer  
  190  10:21  Drone x4  
  185  10:22  Extractor  
  185  10:24  Extractor  
  184  10:28  Burrow  
  184  10:29  Spore Crawler  
  184  10:30  Spine Crawler  
  184  10:31  Roach x4  
  190  10:39  Roach x5  
  200  10:45  Tunneling Claws  
  200  10:50  Muscular Augments  
  188  10:57  Ravager x2  
  188  10:58  Hydralisk x2, Ravager x2  
  190  11:14  Hydralisk  
  190  11:15  Roach, Hydralisk  
  190  11:16  Roach x4  
  188  11:20  Roach x8  
  188  11:24  Roach x6  
  195  11:32  Lurker  
  175  11:33  Roach x3  
  173  11:42  Roach x3  
  149  11:48  Roach  
  149  11:49  Roach  
  135  11:57  Roach x3  
  135  12:00  Roach  
  118  12:03  Roach  
  118  12:05  Roach x7  
  118  12:08  Roach  
  109  12:10  Roach  
  109  12:14  Roach  
  103  12:18  Roach  
  103  12:20  Roach  
  103  12:22  Roach x5  
  101  12:23  Roach  
  101  12:26  Roach  
  94  12:30  Roach  
  94  12:31  Roach  
  94  12:34  Roach  
  96  12:37  Drone x2  
Tags
 
Add a new tag
Caveats
  • Supply blocks, unpowered buildings, or Contaminate may cause inaccurate times.
  • Supply counts are checked every 10 seconds.